| TOP OF THE 1ST |
|
Springfield Cardinals batting - Pitching for Columbia Fireflies : RHP Matt Bennett
|
|
Pitching: RHP Matt Bennett
|
|
|
Batting: RHB Jose Rivera
|
0-0: Ball 1-0: Called Strike 1-1: Ball 2-1: Foul Ball, location: 2F 2-2: Strikes out swinging
|
|
Batting: RHB Tyler Walker
|
0-0: Called Strike 0-1: Ball 1-1: Ball 2-1: Foul Ball, location: 2F 2-2: Ball 3-2: Foul Ball, location: 2F 3-2: Fly out, F8 (Flyball, 89XD, EV 100.0 MPH)
|
|
Batting: LHB Travis Ruppel
|
0-0: Ball 1-0: Ball 2-0: Called Strike 2-1: Ball 3-1: Foul Ball, location: 2F 3-2: Strikes out looking
|
| Top of the 1st over - 0 runs, 0 hits, 0 errors, 0 left on base; Springfield 0 - Columbia 0 |
| BOTTOM OF THE 1ST |
|
Columbia Fireflies batting - Pitching for Springfield Cardinals : RHP Danny Cook
|
|
Pitching: RHP Danny Cook
|
|
|
Batting: RHB Omar Novoa
|
0-0: Foul Ball, location: 2F 0-1: Called Strike 0-2: Strikes out swinging
|
|
Batting: SHB Masatoshi Akahoshi
|
0-0: Swinging Strike 0-1: Ball 1-1: Swinging Strike 1-2: Ball 2-2: SINGLE (Groundball, 34D, EV 102.5 MPH)
|
|
Batting: SHB Justin Wallace
|
0-0: Ball Masatoshi Akahoshi is caught stealing 2nd base 2-6 1-0: Called Strike 1-1: Foul Ball, location: 2F 1-2: Ball 2-2: SINGLE (Groundball, 34S, EV 71.2 MPH) (infield hit)
|
|
Batting: RHB Masaya Nakamura
|
0-0: Reached on error, E6 (Groundball, 6, EV 77.5 MPH) Justin Wallace to second
|
|
Batting: RHB Jose Lara
|
0-0: Ball 1-0: Ball 2-0: Ball 3-0: Called Strike 3-1: Base on Balls Justin Wallace to third Masaya Nakamura to second
|
|
Batting: RHB Larry Shoop
|
0-0: GRAND SLAM HOME RUN (Flyball, 7LD, EV 95.0 MPH), Distance : 329 ft
|
|
Batting: RHB Dan Muse
|
0-0: Ball 1-0: Ball 2-0: Called Strike 2-1: Ball 3-1: Foul Ball, location: 2F 3-2: Ground out U3 (Groundball, 3, EV 82.5 MPH)
|
| Bottom of the 1st over - 4 runs, 3 hits, 1 error, 0 left on base; Springfield 0 - Columbia 4 |
| TOP OF THE 2ND |
|
Springfield Cardinals batting - Pitching for Columbia Fireflies : RHP Matt Bennett
|
|
Batting: RHB Joe Alley
|
0-0: Called Strike 0-1: Swinging Strike 0-2: Strikes out swinging
|
|
Batting: RHB Tommy Boudreaux
|
0-0: Called Strike 0-1: Ground out 6-3 (Groundball, 6MS, EV 83.8 MPH)
|
|
Batting: RHB Immel Kamuzu
|
0-0: Foul Ball, location: 2F 0-1: Foul Ball, location: 2F 0-2: Ground out 3-1 (Groundball, 34S, EV 85.0 MPH)
|
| Top of the 2nd over - 0 runs, 0 hits, 0 errors, 0 left on base; Springfield 0 - Columbia 4 |
| BOTTOM OF THE 2ND |
|
Columbia Fireflies batting - Pitching for Springfield Cardinals : RHP Danny Cook
|
|
Batting: RHB Fathi Addae
|
0-0: Ground out 3-1 (Groundball, 34, EV 103.8 MPH)
|
|
Batting: RHB David Reyna
|
0-0: Ground out 6-3 (Groundball, 6, EV 86.9 MPH)
|
|
Batting: RHB Omar Novoa
|
0-0: Ball 1-0: Ball 2-0: Ball 3-0: Called Strike 3-1: Ground out 4-3 (Groundball, 4, EV 87.5 MPH)
|
| Bottom of the 2nd over - 0 runs, 0 hits, 0 errors, 0 left on base; Springfield 0 - Columbia 4 |
| TOP OF THE 3RD |
|
Springfield Cardinals batting - Pitching for Columbia Fireflies : RHP Matt Bennett
|
|
Batting: RHB Jose Jimenez
|
0-0: Called Strike 0-1: Swinging Strike 0-2: Ball 1-2: Strikes out swinging
|
|
Batting: RHB Kalidas Mishra
|
0-0: Called Strike 0-1: Called Strike 0-2: Ball 1-2: Foul Ball, location: 2F 1-2: Foul Ball, location: 2F 1-2: Strikes out swinging
|
|
Batting: RHB Josh Broome
|
0-0: Ball 1-0: Fly out, F8 (Flyball, 8RM, EV 88.8 MPH)
|
| Top of the 3rd over - 0 runs, 0 hits, 0 errors, 0 left on base; Springfield 0 - Columbia 4 |
| BOTTOM OF THE 3RD |
|
Columbia Fireflies batting - Pitching for Springfield Cardinals : RHP Danny Cook
|
|
Batting: SHB Masatoshi Akahoshi
|
0-0: Called Strike 0-1: SINGLE (Line Drive, 56D, EV 93.8 MPH)
|
|
Batting: SHB Justin Wallace
|
0-0: Called Strike 0-1: Foul Ball, location: 2F 0-2: Ball 1-2: Foul Ball, location: 2F 1-2: Fly out, F8 (Line Drive, 8LM, EV 93.1 MPH)
|
|
Batting: RHB Masaya Nakamura
|
0-0: Called Strike 0-1: Called Strike 0-2: Ball 1-2: TRIPLE (Flyball, 78XD, EV 108.8 MPH) Masatoshi Akahoshi scores
|
|
Batting: RHB Jose Lara
|
0-0: Ball 1-0: Ball 2-0: Ball 3-0: Base on Balls
|
|
Pitching: RHP Jim Kincaid
|
|
|
Batting: RHB Larry Shoop
|
0-0: Fielders Choice at 2nd, 6-4 (Groundball, 6, EV 92.5 MPH) Masaya Nakamura scores
|
|
Batting: RHB Dan Muse
|
0-0: Called Strike 0-1: Ball Larry Shoop is caught stealing 2nd base 2-4
|
| Bottom of the 3rd over - 2 runs, 2 hits, 0 errors, 0 left on base; Springfield 0 - Columbia 6 |
| TOP OF THE 4TH |
|
Springfield Cardinals batting - Pitching for Columbia Fireflies : RHP Matt Bennett
|
|
Batting: RHB Jose Rivera
|
0-0: Called Strike 0-1: Swinging Strike 0-2: Ball 1-2: Strikes out swinging
|
|
Batting: RHB Tyler Walker
|
0-0: Ground out 5-3 (Groundball, 5, EV 84.4 MPH)
|
|
Batting: LHB Travis Ruppel
|
0-0: Ball 1-0: Foul Ball, location: 2F 1-1: SOLO HOME RUN (Flyball, 89XD, EV 110.0 MPH), Distance : 438 ft
|
|
Batting: RHB Joe Alley
|
0-0: Ball 1-0: Reached on error, E5 (Groundball, 56S, EV 83.1 MPH)
|
|
Batting: RHB Tommy Boudreaux
|
0-0: Called Strike 0-1: SINGLE (Groundball, 34D, EV 106.2 MPH) Joe Alley to second Runner from 2nd tries for 3rd, SAFE, throw by RF made to third Tommy Boudreaux to second
|
|
Batting: RHB Immel Kamuzu
|
0-0: Ball 1-0: Fly out, F7 (Line Drive, 78M, EV 90.6 MPH)
|
| Top of the 4th over - 1 run, 2 hits, 1 error, 2 left on base; Springfield 1 - Columbia 6 |
| BOTTOM OF THE 4TH |
|
Columbia Fireflies batting - Pitching for Springfield Cardinals : RHP Jim Kincaid
|
|
Batting: RHB Dan Muse
|
0-0: Ball 1-0: Called Strike 1-1: Called Strike 1-2: Strikes out swinging
|
|
Batting: RHB Fathi Addae
|
0-0: Called Strike 0-1: Ground out 6-3 (Groundball, 6, EV 91.2 MPH)
|
|
Batting: RHB David Reyna
|
0-0: Called Strike 0-1: Fly out, F8 (Flyball, 8LM, EV 86.2 MPH)
|
| Bottom of the 4th over - 0 runs, 0 hits, 0 errors, 0 left on base; Springfield 1 - Columbia 6 |
| TOP OF THE 5TH |
|
Springfield Cardinals batting - Pitching for Columbia Fireflies : RHP Matt Bennett
|
|
Batting: RHB Jose Jimenez
|
0-0: Called Strike 0-1: Called Strike 0-2: Ball 1-2: Ball 2-2: Ground out 5-3 (Groundball, 56, EV 93.1 MPH)
|
|
Batting: RHB Kalidas Mishra
|
0-0: Ball 1-0: Foul Ball, location: 2F 1-1: Foul Ball, location: 2F 1-2: DOUBLE (Line Drive, 3D, EV 98.1 MPH)
|
|
Batting: RHB Josh Broome
|
0-0: Called Strike 0-1: Ball 1-1: Ball 2-1: Ground out 6-3 (Groundball, 6, EV 78.1 MPH) Kalidas Mishra to third
|
|
Batting: RHB Jose Rivera
|
0-0: Called Strike 0-1: Fly out, F7 (Line Drive, 7S, EV 89.4 MPH)
|
| Top of the 5th over - 0 runs, 1 hit, 0 errors, 1 left on base; Springfield 1 - Columbia 6 |
| BOTTOM OF THE 5TH |
|
Columbia Fireflies batting - Pitching for Springfield Cardinals : RHP Jim Kincaid
|
|
Batting: RHB Omar Novoa
|
0-0: Called Strike 0-1: Ball 1-1: Swinging Strike 1-2: Ball 2-2: Strikes out looking
|
|
Batting: SHB Masatoshi Akahoshi
|
0-0: Called Strike 0-1: Ball 1-1: Ball 2-1: Called Strike 2-2: Ball 3-2: Base on Balls
|
|
Batting: SHB Justin Wallace
|
0-0: Ball 1-0: Ball 2-0: Ball 3-0: Called Strike 3-1: Base on Balls Masatoshi Akahoshi to second
|
|
Batting: RHB Masaya Nakamura
|
0-0: Foul Ball, location: 2F 0-1: Fly out, F7 (Line Drive, 7, EV 106.2 MPH)
|
|
Batting: RHB Jose Lara
|
0-0: Ball 1-0: Ground out 6-3 (Groundball, 6S, EV 92.5 MPH)
|
| Bottom of the 5th over - 0 runs, 0 hits, 0 errors, 2 left on base; Springfield 1 - Columbia 6 |
| TOP OF THE 6TH |
|
Springfield Cardinals batting - Pitching for Columbia Fireflies : RHP Matt Bennett
|
|
Batting: RHB Tyler Walker
|
0-0: Foul Ball, location: 2F 0-1: Swinging Strike 0-2: Ball 1-2: Ball 2-2: Foul Ball, location: 2F 2-2: Foul Ball, location: 2F 2-2: Ground out 6-3 (Groundball, 6S, EV 67.5 MPH)
|
|
Batting: LHB Travis Ruppel
|
0-0: Ball 1-0: Called Strike 1-1: Called Strike 1-2: Foul Ball, location: 2F 1-2: Ball 2-2: Strikes out looking
|
|
Batting: RHB Joe Alley
|
0-0: Swinging Strike 0-1: Swinging Strike 0-2: Ball 1-2: Foul Ball, location: 2F 1-2: Ball 2-2: Strikes out swinging
|
| Top of the 6th over - 0 runs, 0 hits, 0 errors, 0 left on base; Springfield 1 - Columbia 6 |
| BOTTOM OF THE 6TH |
|
Columbia Fireflies batting - Pitching for Springfield Cardinals : RHP Jim Kincaid
|
|
Batting: RHB Larry Shoop
|
0-0: Ball 1-0: Swinging Strike 1-1: Called Strike 1-2: Ball 2-2: Foul Ball, location: 2F 2-2: Strikes out swinging
|
|
Batting: RHB Dan Muse
|
0-0: Called Strike 0-1: Fly out, F7 (Flyball, 7D, EV 101.9 MPH)
|
|
Batting: RHB Fathi Addae
|
0-0: Called Strike 0-1: Ground out 6-3 (Groundball, 6, EV 89.4 MPH)
|
| Bottom of the 6th over - 0 runs, 0 hits, 0 errors, 0 left on base; Springfield 1 - Columbia 6 |
| TOP OF THE 7TH |
|
Springfield Cardinals batting - Pitching for Columbia Fireflies : RHP Matt Bennett
|
|
Batting: RHB Tommy Boudreaux
|
0-0: Called Strike 0-1: Foul Ball, location: 2F 0-2: Foul Ball, location: 2F 0-2: Ball 1-2: Ball 2-2: Strikes out swinging
|
|
Batting: RHB Immel Kamuzu
|
0-0: Called Strike 0-1: Swinging Strike 0-2: Ball 1-2: Ball 2-2: Foul Ball, location: 2F 2-2: SINGLE (Groundball, 56D, EV 98.1 MPH)
|
|
Batting: RHB Jose Jimenez
|
0-0: Called Strike 0-1: Ball 1-1: Foul Ball, location: 2F 1-2: SINGLE (Groundball, 56D, EV 99.4 MPH) Immel Kamuzu to second
|
|
Pitching: RHP Tyler Lybrand
|
|
|
Batting: RHB Kalidas Mishra
|
0-0: Swinging Strike 0-1: Ball 1-1: Called Strike 1-2: Ball 2-2: Ball 3-2: Strikes out swinging
|
|
Batting: RHB Josh Broome
|
0-0: Ball 1-0: Called Strike 1-1: Ball 2-1: Ball 3-1: Fly out, F8 (Flyball, 8RM, EV 98.1 MPH)
|
| Top of the 7th over - 0 runs, 2 hits, 0 errors, 2 left on base; Springfield 1 - Columbia 6 |
| BOTTOM OF THE 7TH |
|
Columbia Fireflies batting - Pitching for Springfield Cardinals : RHP Jim Kincaid
|
|
Batting: RHB David Reyna
|
0-0: Ball 1-0: Ground out 1-3 (Groundball, P, EV 73.8 MPH)
|
|
Batting: RHB Omar Novoa
|
0-0: Ball 1-0: Called Strike 1-1: Called Strike 1-2: Ball 2-2: Fly out, F5 (Popup, 5F, EV 65.6 MPH)
|
|
Batting: SHB Masatoshi Akahoshi
|
0-0: Ground out 4-3 (Groundball, 4MS, EV 81.2 MPH)
|
| Bottom of the 7th over - 0 runs, 0 hits, 0 errors, 0 left on base; Springfield 1 - Columbia 6 |
| TOP OF THE 8TH |
|
Springfield Cardinals batting - Pitching for Columbia Fireflies : RHP Tyler Lybrand
|
|
Batting: RHB Jose Rivera
|
0-0: Ball 1-0: Ground out 5-3 (Groundball, 5, EV 80.6 MPH)
|
|
Batting: RHB Tyler Walker
|
0-0: Swinging Strike 0-1: Ball 1-1: Foul Ball, location: 2F 1-2: Ball 2-2: Foul Ball, location: 2F 2-2: Fly out, F9 (Line Drive, 9, EV 90.0 MPH)
|
|
Batting: LHB Travis Ruppel
|
0-0: Ball 1-0: Foul Ball, location: 2F 1-1: Ball 2-1: Foul Ball, location: 2F 2-2: Strikes out swinging
|
| Top of the 8th over - 0 runs, 0 hits, 0 errors, 0 left on base; Springfield 1 - Columbia 6 |
| BOTTOM OF THE 8TH |
|
Columbia Fireflies batting - Pitching for Springfield Cardinals : RHP Jim Kincaid
|
|
Batting: SHB Justin Wallace
|
0-0: DOUBLE (Groundball, 3L, EV 110.6 MPH)
|
|
Pitching: RHP Phil Feldscher
|
|
|
Batting: RHB Masaya Nakamura
|
0-0: Called Strike 0-1: Ground out 2-3 (Groundball, 15S, EV 68.8 MPH) Justin Wallace to third
|
|
Batting: RHB Jose Lara
|
0-0: Ball 1-0: Foul Ball, location: 2F 1-1: Ball Wild Pitch! Justin Wallace scores 2-1: Called Strike 2-2: Ball 3-2: Base on Balls
|
|
Batting: RHB Larry Shoop
|
0-0: Called Strike 0-1: Ball 1-1: Ball 2-1: Ball 3-1: Called Strike 3-2: Foul Ball, location: 2F 3-2: Strikes out looking
|
|
Batting: RHB Dan Muse
|
0-0: Ball 1-0: Ball 2-0: Called Strike 2-1: Ball 3-1: Base on Balls Jose Lara to second
|
|
Batting: RHB Fathi Addae
|
0-0: Ball 1-0: Ball 2-0: Called Strike 2-1: Swinging Strike 2-2: Strikes out swinging
|
| Bottom of the 8th over - 1 run, 1 hit, 0 errors, 2 left on base; Springfield 1 - Columbia 7 |
| TOP OF THE 9TH |
|
Springfield Cardinals batting - Pitching for Columbia Fireflies : RHP Tyler Lybrand
|
|
Batting: RHB Joe Alley
|
0-0: Ball 1-0: Called Strike 1-1: Ball 2-1: Foul Ball, location: 2F 2-2: Strikes out swinging
|
|
Batting: RHB Tommy Boudreaux
|
0-0: Ball 1-0: Ball 2-0: Ball 3-0: Called Strike 3-1: SINGLE (Line Drive, 78S, EV 102.5 MPH)
|
|
Batting: RHB Immel Kamuzu
|
0-0: Ball 1-0: Foul Ball, location: 2F 1-1: Foul Ball, location: 2F 1-2: Ball 2-2: Grounds into double play, 4-6-3 (Groundball, 4, EV 86.9 MPH)
|
| Top of the 9th over - 0 runs, 1 hit, 0 errors, 0 left on base; Springfield 1 - Columbia 7 |
|